 Dungeon Crawl Stone Soup version 0.31-a0-846-gb3bcc0d938 (webtiles) character file.

Game seed: 2528710492349626393

1845 night the Jinx (level 9, 0/53 HPs)
             Began as a Barachi Hexslinger on Oct 3, 2023.
             Was a Follower of Hepliaklqana.
             Slain by a polar bear (6 damage)
             ... on level 7 of the Dungeon.
             The game lasted 00:16:50 (5371 turns).

night the Jinx (Barachi Hexslinger)                 Turns: 5371, Time: 00:16:50

Health: 0/53       AC:  8    Str:  9    XL:     9   Next: 12%
Magic:  16/16      EV: 10    Int: 14    God:    Hepliaklqana [*.....]
Gold:   436        SH:  0    Dex: 19    Spells: 9/18 levels left

rFire   . . .        s - +3 sling
rCold   + . .        (no shield)
rNeg    . . .        l - +2 ring mail {rC+}
rPois   .            (no helmet)
rElec   .            C - +0 cloak
rCorr   .            (no gloves)
SInv    .            (no boots)
Will    .....        m - amulet of regeneration
Stlth   +            (no ring)
HPRegen 1.08/turn    (no ring)
MPRegen 0.15/turn

%: no passive effects
@: weak-willed, slow
A: reduced essence, amphibious, slowness 1, strong legs 1, +LOS
a: Hop, Renounce Religion, Recall Ancestor, Ancestor Identity


You were on level 7 of the Dungeon.
You worshipped Hepliaklqana.
Hepliaklqana was aware of your devotion.
You visited 2 branches of the dungeon, and saw 8 of its levels.

You collected 436 gold pieces.

Inventory:

Hand Weapons
 s - a +3 sling (weapon)
 u - a +0 long sword
 x - a +0 orcbow
Missiles
 f - 10 poisoned darts
 j - 62 stones
 o - 2 throwing nets
 D - 6 javelins
Armour
 c - a +1 robe
 l - a +2 ring mail of cold resistance (worn)
 C - a +0 cloak (worn)
Jewellery
 m - an amulet of regeneration (around neck)
 r - a ring of wizardry
 y - an amulet of guardian spirit
 F - a ring of see invisible
Talismans
 q - a beast talisman
Wands
 A - a wand of paralysis (8)
Scrolls
 b - 3 scrolls of poison
 n - a scroll of fog
 t - 2 scrolls of teleportation
 E - a scroll of enchant armour
Potions
 a - a potion of mutation {unknown}
 d - 3 potions of degeneration
 e - a potion of curing
 g - a potion of lignification {unknown}
 h - a potion of ambrosia {unknown}
 i - a potion of brilliance {unknown}
 k - 4 potions of haste
 p - a potion of might {unknown}
 v - a potion of magic {unknown}
 w - 2 potions of cancellation {unknown}
 z - a potion of resistance {unknown}
 G - 2 potions of berserk rage {unknown}


   Skills:
 - Level 1.2 Fighting
 * Level 7.5 Ranged Weapons
 - Level 2.1 Dodging
 + Level 5.1 Spellcasting
 * Level 8.7 Hexes
 - Level 1.1 Fire Magic


You had 9 spell levels left.
You knew the following spells:

 Your Spells              Type           Power      Damage    Failure   Level
a - Jinxbite              Hex            54%        N/A       1%          2
b - Sigil of Binding      Hex            27%        N/A       4%          3
c - Cause Fear            Hex            13%        N/A       14%         4

Your spell library contained the following spells:

 Spells                   Type           Power      Damage    Failure   Level
 Inner Flame              Hex/Fire       17%        N/A       19%         3
 Magic Dart               Conj           12%        1d3       43%         1
 Cigotuvi's Dreadful Rot  Necr/Pois/Air  6%         N/A       58%         2
 Poisonous Vapours        Pois/Air       6%         N/A       58%         2
 Searing Ray              Conj           6%         2d4       58%         2
 Dimensional Bullseye     Hex/Tloc       7%         N/A       63%         4
 Fulminant Prism          Conj/Hex       7%         3d6       63%         4
 Ignite Poison            Fire/Tmut/Pois 4%         N/A       77%         3
 Mephitic Cloud           Conj/Pois/Air  3%         N/A       82%         3
 Freezing Cloud           Conj/Ice/Air   1%         6-21      100%        5


Dungeon Overview and Level Annotations

Branches:
Dungeon (7/15)             Temple (1/1) D:6

Altars:
Ashenzari
Cheibriados
Dithmenos
Elyvilon
Fedhas
Gozag
Hepliaklqana
Kikubaaqudgha
Makhleb
Nemelex Xobeh
Qazlal
Ru
Sif Muna
Trog
Uskayaw
Wu Jian
The Shining One

Shops:
D:1 !*([

Annotations:
D:5 1 runed translucent door, Xavier147's ghost, novice GrHu


Innate Abilities, Weirdness & Mutations

Your life essence is reduced to manifest your ancestor. (-10% HP)
You are amphibious.
You cover ground slowly.
You can hop short distances.
You have an extended range of vision and can be seen from far away.


Message History

The polar bear claws you but does no damage.
You shoot a sling bullet.
The sling bullet hits the polar bear but does no damage.
The polar bear is severely wounded.
The polar bear closely misses you.
The polar bear claws you but does no damage.
The polar bear barely misses you.
You shoot a sling bullet.
The sling bullet hits the polar bear but does no damage.
The polar bear is severely wounded.
The polar bear bites you! The polar bear claws you. x2
The polar bear bites you! The polar bear closely misses you.
The polar bear claws you.
You shoot a sling bullet.
The sling bullet hits the polar bear but does no damage.
The polar bear is severely wounded.
The polar bear bites you! The polar bear barely misses you.
The polar bear claws you but does no damage.
You are too injured to fight recklessly!
You shoot a sling bullet.
The sling bullet hits the polar bear but does no damage.
The polar bear is severely wounded.
The polar bear bites you. The polar bear misses you.
The polar bear claws you but does no damage.
You shoot a sling bullet. The sling bullet hits the polar bear.
The polar bear is severely wounded.
The polar bear misses you.
The polar bear claws you but does no damage.
The polar bear claws you.
You shoot a sling bullet. The sling bullet hits the polar bear.
The polar bear is severely wounded.
The polar bear goes berserk!
The polar bear bites you!
* * * LOW HITPOINT WARNING * * *
The polar bear claws you.
* * * LOW HITPOINT WARNING * * *
The polar bear closely misses you.
You shoot a sling bullet.
The sling bullet closely misses the polar bear.
The polar bear bites you.
You die...

...# #.......###...###### .######
#.#####............# .##≈≈≈##
#.#########.#.####.#
##≈≈⌠≈≈#######...................
≈≈≈...≈≈#.......########.####.#.#
...._.⌠≈#.......########.####.#.#
≈≈≈...≈≈#........................
##≈≈⌠≈≈##........####.##.######.#
.##≈≈≈##...@h............####.#.#
..#####....###...................
.## ####.* #...#######...##.#.#
.# #####..)#}....#...#....# ###
##...##.R#.?...#...#..#.# ..#
##..8..##h#=....'...#..#.. ..#
#.......#.#.$...h...#..### ..####
#..._...#.#(...hh...#..... .....#
#.⌠...⌠.'.#.:..h#...#.....


You could see a polar bear (berserk).

Vanquished Creatures
  A shadow (D:5)
  A wyvern (D:6)
  A black bear (D:7)
  2 sky beasts
  2 ogres
  4 centaurs
  A scorpion (D:5)
  2 hounds
  3 orc priests (D:5)
  6 sleepcaps
  4 iguanas
  Ijyb (D:5)
  4 orc wizards (D:5)
  8 adders
  An ufetubus (D:5)
  2 worms
  13 orcs
  6 ball pythons
  5 endoplasms
  4 giant cockroaches
  4 goblins
  9 hobgoblins
  6 jackals
  4 quokkas
  7 bats
  A frilled lizard (D:1)
  7 kobolds
  6 rats
115 creatures vanquished.

Vanquished Creatures (others)
  2 ancestors (D:7)
2 creatures vanquished.

Grand Total: 117 creatures vanquished

Notes
Turn   | Place    | Note
-------+----------+-------------------------------------------
     0 | D:1      | night the Barachi Hexslinger began the quest for the Orb.
     0 | D:1      | Reached XP level 1. HP: 15/15 MP: 2/2
    41 | D:1      | Found Usupetoe's Weapon Shop.
   161 | D:1      | Found Hiotwuil's Distillery.
   199 | D:1      | Reached XP level 2. HP: 21/21 MP: 3/3
   220 | D:1      | Learned a level 2 spell: Jinxbite
   394 | D:1      | Found Ujastr Xiggi's Assorted Antiques.
   541 | D:1      | Found Zisu Dukhlo's Armour Boutique.
   711 | D:2      | Reached XP level 3. HP: 26/26 MP: 5/5
   758 | D:2      | Reached skill level 4 in Hexes
  1007 | D:2      | Noticed an ogre
  1016 | D:2      | Killed an ogre
  1017 | D:2      | Reached skill level 2 in Spellcasting
  1017 | D:2      | Reached XP level 4. HP: 19/32 MP: 5/7
  1017 | D:2      | Reached XP level 5. HP: 22/37 MP: 5/8
  1453 | D:3      | Reached skill level 5 in Hexes
  1819 | D:4      | Reached XP level 6. HP: 43/43 MP: 9/9
  1900 | D:4      | Found a broken altar of Ashenzari.
  2692 | D:5      | Entered Level 5 of the Dungeon
  2820 | D:5      | Found a runed translucent door.
  2822 | D:5      | Noticed Xavier147's ghost (novice GrHu)
  2840 | D:5      | Learned a level 3 spell: Sigil of Binding
  2970 | D:5      | Reached XP level 7. HP: 42/48 MP: 7/11
  2989 | D:5      | Reached skill level 6 in Hexes
  3067 | D:5      | Reached skill level 5 in Ranged Weapons
  3547 | D:5      | Noticed Ijyb
  3557 | D:5      | Paralysed by Ijyb for 5 turns
  3564 | D:5      | Paralysed by Ijyb for 3 turns
  3571 | D:5      | Paralysed by Ijyb for 2 turns
  3574 | D:5      | Killed Ijyb
  3638 | D:5      | Noticed a shadow
  3651 | D:5      | Killed a shadow
  3652 | D:5      | Reached skill level 7 in Hexes
  3652 | D:5      | Reached XP level 8. HP: 53/54 MP: 8/14
  3964 | D:6      | Noticed a wyvern
  3972 | D:6      | Killed a wyvern
  4032 | D:6      | Found a staircase to the Ecumenical Temple.
  4043 | Temple   | Entered the Ecumenical Temple
  4074 | Temple   | Became a worshipper of Hepliaklqana the Forgotten
  4266 | D:6      | Reached skill level 8 in Hexes
  4591 | D:7      | Found a runed translucent gate.
  4591 | D:7      | Found a runed translucent gate.
  4606 | D:7      | Found a sparkling altar of Nemelex Xobeh.
  4606 | D:7      | Found an opulent altar of Gozag.
  4707 | D:7      | HP: 7/54 [centaur (4)]
  4826 | D:7      | Reached XP level 9. HP: 59/59 MP: 16/16
  4858 | D:7      | Learned a level 4 spell: Cause Fear
  4869 | D:7      | Reached skill level 5 in Spellcasting
  4939 | D:7      | Found a white marble altar of Elyvilon.
  4982 | D:7      | Reached * piety under Hepliaklqana
  5305 | D:7      | Found a runed translucent gate.
  5305 | D:7      | Noticed a polar bear
  5305 | D:7      | Noticed a polar bear
  5306 | D:7      | Noticed a death yak
  5307 | D:7      | Noticed a polar bear
  5370 | D:7      | HP: 7/53 [polar bear (12)]
  5371 | D:7      | Slain by a polar bear

Illustrated notes

Levels and vault maps discovered:
D:1:      giann_horns, layout_basic, serial_shops, shop,
          nicolae_shop_gibbet_a_chance, shop, nicolae_shop_statue_plus
D:2:      layout_loops_cross
D:3:      layout_basic
D:4:      layout_basic, nicolae_ashenzari_panopticon
D:5:      nicolae_BIG_FREAKIN_CUBE, layout_loops_cross,
          ebering_ghost_inner_flame, minmay_misc_feat_tiny, uniq_ijyb
D:6:      layout_basic, minmay_temple_entry_waves, hellmonk_no_cap
D:7:      lemuel_bear_cage, layout_basic, nicolae_elyvilon_temple_path,
          grunt_temple_overflow_opulence
Temple:   oiseaux_autumnal_temple

Skill      XL: |  1  2  3  4  5  6  7  8  9 |
---------------+----------------------------+-----
Hexes          | 4 5 7 8 |  8.7
Ranged Weapons | 3 4 6 7 |  7.5
Spellcasting   | 2 3 4 5 |  5.1
Fighting       | |  1.2
Dodging        | |  2.1
Fire Magic     | |  1.1

Action                     |  1- 3 |  4- 6 |  7- 9 || total
---------------------------+-------+-------+-------++-------
   Fire: Sling             |   120 |   177 |   238 ||   535
   Cast: Jinxbite          |     1 |       |     9 ||    10
         Sigil of Binding  |       |     2 |     5 ||     7
Ability: Hop               |     2 |       |     2 ||     4
         Begin Untransform |       |     1 |       ||     1
    Use: Scroll            |     1 |     5 |     4 ||    10
         Potion            |       |     2 |     2 ||     4
 Armour: Robe              |    31 |    69 |     4 ||   104
         Ring mail         |       |       |   171 ||   171
  Dodge: Dodged            |    32 |    42 |    92 ||   166
   Form: Beast             |       |     1 |       ||     1

Table legend: (Time is in decaauts)
 A = Elapsed time spent in this place.
 B = Non-inter-level travel time spent in this place.
 C = Inter-level travel time spent in this place.
 D = Time resting spent in this place.
 E = Time spent auto-exploring this place.
 F = Levels seen in this place.
 G = Mean time per level.
                   A        B        C        D        E       F      G
               +--------+--------+--------+--------+--------+-----+--------+
         Total |   6285 |   6062 |    223 |     87 |   4794 |   8 |  785.6 |
       Dungeon |   6211 |   6061 |    150 |     87 |   4794 |   7 |  887.3 |
        Temple |     74 |      1 |     73 |      0 |      0 |   1 |   74.0 |
               +--------+--------+--------+--------+--------+-----+--------+

Top non-repeatable levels by time:
     D:5: 1259 daAuts
     D:4: 1046 daAuts
     D:7: 940 daAuts
     D:2: 907 daAuts
     D:6: 825 daAuts
     D:1: 763 daAuts
     D:3: 468 daAuts
  Temple: 74 daAuts
